 Dungeon Crawl Stone Soup version 0.21.0-24-g2553a33 (webtiles) character file.

43 tidbits the Grave Robber (level 3, 2/25 HPs)
             Began as a Gnoll Necromancer on Jan 20, 2018.
             Quit the game on level 2 of the Dungeon.
             The game lasted 00:03:51 (334 turns).

tidbits the Grave Robber (Gnoll Necromancer)         Turns: 334, Time: 00:03:52

Health: 2/25       AC:  2    Str: 10    XL:     3   Next: 58%
Magic:  2/9        EV: 14    Int: 18    God:
Gold:   32         SH:  0    Dex: 15    Spells: 5/12 levels left

rFire    . . .     SeeInvis .   a - +0 short sword (venom)
rCold    . . .     Gourm    .   (no shield)
rNeg     . . .     Faith    .   g - +0 robe
rPois    .         Spirit   .   (no helmet)
rElec    .         Reflect  .   (no cloak)
rCorr    .         Harm     .   (no gloves)
MR       .....                  (no boots)
Stlth    +++.......             (no amulet)
HPRegen  0.08/turn              e - ring of flight
MPRegen  0.11/turn              (no ring)

@: lethally poisoned (2 -> -3)
A: distributed training, fangs 1, strong nose
a: Evoke Flight


You were on level 2 of the Dungeon.
You were full.

You visited 1 branch of the dungeon, and saw 2 of its levels.

You collected 32 gold pieces.

Inventory:

Hand Weapons
 a - a +0 short sword of venom (weapon)
   (You took it off a kobold on level 1 of the Dungeon)
Missiles
 h - 4 stones (quivered)
Armour
 g - a +0 robe (worn)
Jewellery
 e - a ring of flight (left hand)
   (You found it on level 1 of the Dungeon)
Scrolls
 f - a scroll of identify
Books
 b - a book of Necromancy

   Spells                             Type                      Level
   a - Pain                           Necromancy                   1
   b - Animate Skeleton               Necromancy                   1
   c - Vampiric Draining              Necromancy                   3
   d - Regeneration                   Charms/Necromancy            3
   e - Animate Dead                   Necromancy                   4
   f - Borgnjor's Vile Clutch         Necromancy/Earth             5
Comestibles
 c - 3 rations


   Skills:
 + Level 0.8 Fighting
 + Level 0.8 Short Blades
 + Level 0.8 Long Blades
 + Level 0.8 Axes
 + Level 0.8 Maces & Flails
 + Level 0.8 Polearms
 + Level 0.8 Staves
 + Level 0.8 Slings
 + Level 0.8 Bows
 + Level 0.8 Crossbows
 + Level 0.8 Throwing
 + Level 0.8 Armour
 + Level 4.5 Dodging
 + Level 4.1 Stealth
 + Level 0.8 Shields
 + Level 0.8 Unarmed Combat
 + Level 5.0 Spellcasting
 + Level 0.5 Conjurations
 + Level 0.5 Hexes
 + Level 0.5 Charms
 + Level 0.5 Summonings
 + Level 7.1 Necromancy
 + Level 0.5 Translocations
 + Level 0.5 Transmutations
 + Level 0.5 Fire Magic
 + Level 0.5 Ice Magic
 + Level 0.5 Air Magic
 + Level 0.5 Earth Magic
 + Level 0.5 Poison Magic
 + Level 1.0 Invocations
 + Level 0.8 Evocations


You had 5 spell levels left.
You knew the following spells:

 Your Spells              Type           Power        Failure   Level  Hunger
a - Pain                  Necr           ####         1%          1    None
d - Vampiric Draining     Necr           ####......   2%          3    ##.....
r - Regeneration          Chrm/Necr      ###.......   9%          3    ##.....


Dungeon Overview and Level Annotations

Branches:
Dungeon (2/15)

Altars:


Innate Abilities, Weirdness & Mutations

Your experience applies equally to all skills.
You have very sharp teeth.
Your uncanny sense of smell can sniff out nearby items.


Message History

Casting: Pain
Confirm with . or Enter, or press ? or * to list all spells.
Aiming: Pain
Press: ? - help, Shift-Dir - straight line, f/p - adder
Aim: an adder (heavily wounded, chance to defeat MR: 89%)
The adder writhes in agony!
Casting: Pain
Confirm with . or Enter, or press ? or * to list all spells.
Aiming: Pain
Press: ? - help, Shift-Dir - straight line, f/p - adder
Aim: an adder (almost dead, chance to defeat MR: 89%)
The adder writhes in agony!
You kill the adder!
Your Spellcasting skill increases to level 5!
You have reached level 3!
Your experience leads to an increase in your attributes!
Increase (S)trength, (I)ntelligence, or (D)exterity?
You feel clever.
Memorise Regeneration, consuming 3 spell levels and leaving 8?
You start memorising the spell.
You continue memorising. x3
You finish memorising.
Spell assigned to 'r'.
Memorise Vampiric Draining, consuming 3 spell levels and leaving 5?
You start memorising the spell.
You continue memorising. x3
You finish memorising.
Spell assigned to 'd'.
You see here an adder corpse.
Found 12 gold pieces.
You see here 12 gold pieces.
You now have 27 gold pieces (gained 12).
Casting: Pain
Confirm with . or Enter, or press ? or * to list all spells.
Your skin crawls.
You see here an adder corpse.
Found 5 gold pieces.
You open the door.
Your skin is crawling a little less now.
There is an open door here.
You see here 5 gold pieces.
You now have 32 gold pieces (gained 5).
Your skin stops crawling.
There is an open door here.
You see here a robe.
Unknown command.
A worm comes into view.
Found a stone staircase leading down.
An adder comes into view.
The adder hisses angrily.
Unknown command.
You hit the worm.
The worm is poisoned.
You bite the worm.
The worm is moderately wounded.
The worm misses you.
You hit the worm.
The worm looks as sick as possible!
You bite the worm, but do no damage.
The worm is moderately wounded.
The worm barely misses you.
You hit the worm but do no damage.
The worm looks as sick as possible!
The worm is moderately wounded.
The adder bites you.
You are poisoned.
The adder poisons you!
Unknown command.
You hit the adder.
The adder is heavily wounded.
You feel sick. The worm bites you. The adder barely misses you.
The adder barely misses you. The adder bites you.
* * * LOW HITPOINT WARNING * * *
You feel sick.
You kill the worm!
The adder bites you.
* * * LOW HITPOINT WARNING * * *
You aren't carrying any potions.
Unknown command.
You aren't carrying any potions.
Unknown command.
You hit the adder.
The adder is poisoned.
The adder is almost dead.
The adder bites you.
* * * LOW HITPOINT WARNING * * *
You are lethally poisoned!
The adder poisons you!
Casting: Regeneration
Confirm with . or Enter, or press ? or * to list all spells.
Aiming: Vampiric Draining
Press: ? - help, Shift-Dir - straight line, f - adder
Aim: an adder (almost dead, poisoned)
You kill the adder!
Your Invocations skill increases to level 1!
You feel life coursing into your body.
* * * LOW HITPOINT WARNING * * *
You feel sick.
Okay, then.
As you read the scroll of magic mapping, it crumbles to dust.
You feel aware of your surroundings.
You sensed 1 altar.
* * * LOW HITPOINT WARNING * * *
You feel sick.
Found 6 gold pieces.
* * * LOW HITPOINT WARNING * * *
You feel sick.
Unknown command.
Are you sure you want to abandon this character and quit the game? (Confirm with "yes".)

......# *,,*****,**,,,,* *,*
....#.# **,*,,,...,,,,,* *,*
....#.# *,*,**#.#*,,∆,* *,*
...##.####,,,* #.#*,,,,* *,*
.........##..* #.#****** *,*
.........##..* #$# *,*
.†.......##..* #.# *,*
.........##..* #.# *,,
.(..#'####*#.###@# ***** ***
###.#.# #..##.######*,,,****,,
..#.#.# #...........+,,,,,,,,,
#.#.#[#######..#.#######,,,****,,
.<#.#(................,,**** *,,
.##.##########.#.#####*,* **,
....# #...# *,* ** .#### ##†.#
*,* .# #.># *,*


There were no monsters in sight!

Vanquished Creatures
  2 adders (D:2)
  A worm (D:2)
  A dart slug (D:1)
  2 giant cockroaches
  A goblin (D:1)
  3 hobgoblins
  3 jackals (D:1)
  A kobold (D:1)
  A ball python (D:1)
  3 bats
  A rat (D:1)
19 creatures vanquished.

Notes
Turn   | Place    | Note
-------+----------+-------------------------------------------
     0 | D:1      | tidbits the Gnoll Necromancer began the quest for the Orb.
     0 | D:1      | Reached XP level 1. HP: 13/13 MP: 6/6
    50 | D:1      | Reached XP level 2. HP: 10/19 MP: 1/7
   137 | D:1      | HP: 1/20 [dart slug/slug dart (4)]
   258 | D:2      | Reached skill level 5 in Spellcasting
   258 | D:2      | Reached XP level 3. HP: 1/25 MP: 0/9
   263 | D:2      | Learned a level 3 spell: Regeneration
   267 | D:2      | Learned a level 3 spell: Vampiric Draining
   328 | D:2      | Reached skill level 1 in Invocations
   333 | D:2      | HP: 2/25 [poisoned by an adder]
   334 | D:2      | Quit the game

Skill      XL: |  1  2  3 |
---------------+----------+-----
Spellcasting   | 5 |  5.0
Invocations    | 1 |  1.0
Fighting       | |  0.8
Short Blades   | |  0.8
Long Blades    | |  0.8
Axes           | |  0.8
Maces & Flails | |  0.8
Polearms       | |  0.8
Staves         | |  0.8
Slings         | |  0.8
Bows           | |  0.8
Crossbows      | |  0.8
Throwing       | |  0.8
Armour         | |  0.8
Dodging        | |  4.5
Stealth        | |  4.1
Shields        | |  0.8
Unarmed Combat | |  0.8
Conjurations   | |  0.5
Hexes          | |  0.5
Charms         | |  0.5
Summonings     | |  0.5
Necromancy     | |  7.1
Translocations | |  0.5
Transmutations | |  0.5
Fire Magic     | |  0.5
Ice Magic      | |  0.5
Air Magic      | |  0.5
Earth Magic    | |  0.5
Poison Magic   | |  0.5
Evocations     | |  0.8

Action                   || total
-------------------------++-------
Melee: Short sword       ||     5
       Bite              ||     2
 Cast: Pain              ||    31
       Vampiric Draining ||     1
       Regeneration      ||     1
  Use: Scroll            ||     2
  Eat: Ration            ||     1
Dodge: Dodged            ||     9

Table legend:
 A = Turns spent in this place as a percentage of turns spent in the entire game.
 B = Non-inter-level travel turns spent in this place as a percentage of non-inter-level travel turns spent in the entire game.
 C = Inter-level travel turns spent in this place as a percentage of turns spent in this place.
 D = Turns resting spent in this place as a percentage of non-inter-level travel turns spent in this place.
 E = Turns spent auto-exploring this place as a percentage of non-inter-level travel turns spent in this place.
 F = Non-inter-level travel turns spent in this place divided by the number of levels of this place that you've seen.
                   A       B       C       D       E      F
               +-------+-------+-------+-------+-------+----------------------
         Total | 100.0 | 100.0 |   8.4 |   0.0 |   0.0 | 153.0
       Dungeon | 100.0 | 100.0 |   8.4 |   0.0 |   0.0 | 153.0
               +-------+-------+-------+-------+-------+----------------------

Table legend:
 A = Kills in this place as a percentage of kills in entire the game.
 B = Kills by you in this place as a percentage of kills by you in the entire game.
 C = Kills by friends in this place as a percentage of kills by friends in the entire game.
 D = Other kills in this place as a percentage of other kills in the entire game.
 E = Experience gained in this place as a percentage of experience gained in the entire game.
 F = Experience gained in this place divided by the number of levels of this place that you have seen.
                   A       B       C       D       E      F
               +-------+-------+-------+-------+-------+----------------------
         Total | 100.0 | 100.0 |   N/A |   N/A | 100.0 |  31.0
       Dungeon | 100.0 | 100.0 |   N/A |   N/A | 100.0 |  31.0
               +-------+-------+-------+-------+-------+----------------------

Vault maps used:
D:1:      dpeg_arrival_short_road, minmay_domino_2
D:2:      chequers_ecumenical_altar_simple_redux
